TOP OF THE 1ST |
Vermont Lake Monsters batting - Pitching for Tri-City ValleyCats : RHP Jayson Campbell
|
Pitching: RHP Jayson Campbell
|
|
Batting: RHB Ricardo Mariscal
|
0-0: Ball 1-0: Called Strike 1-1: Foul Ball, location: 2F 1-2: Fly out, F6 (Popup, 4M, EV 60.0 MPH)
|
Batting: RHB Luis Restrepo
|
0-0: Foul Ball, location: 2F 0-1: Ball 1-1: Ground out 4-3 (Groundball, 4S, EV 87.5 MPH)
|
Batting: LHB Henry Hutson
|
0-0: Called Strike 0-1: Foul Ball, location: 2F 0-2: Foul Ball, location: 2F 0-2: DOUBLE (Flyball, 78D, EV 106.2 MPH)
|
Batting: LHB Jose Zamarripa
|
0-0: Swinging Strike 0-1: Ball 1-1: Foul Ball, location: 2F 1-2: Strikes out swinging
|
Top of the 1st over - 0 runs, 1 hit, 0 errors, 1 left on base; Vermont 0 - Tri-City 0 |
BOTTOM OF THE 1ST |
Tri-City ValleyCats batting - Pitching for Vermont Lake Monsters : LHP Darby Jones
|
Pitching: LHP Darby Jones
|
|
Batting: RHB Jorge Gutierrez
|
0-0: Ground out 5-3 (Groundball, 56S, EV 62.5 MPH)
|
Batting: RHB Evan Fry
|
0-0: Called Strike 0-1: Ball 1-1: Foul Ball, location: 2F 1-2: Foul Ball, location: 2F 1-2: Strikes out swinging
|
Batting: SHB Paskar Adegoke
|
0-0: DOUBLE (Flyball, 8LD, EV 105.6 MPH)
|
Batting: RHB Ramon Castellon
|
0-0: Called Strike 0-1: Fly out, F8 (Flyball, 89XD, EV 110.0 MPH)
|
Bottom of the 1st over - 0 runs, 1 hit, 0 errors, 1 left on base; Vermont 0 - Tri-City 0 |
TOP OF THE 2ND |
Vermont Lake Monsters batting - Pitching for Tri-City ValleyCats : RHP Jayson Campbell
|
Batting: RHB Casey Nicita
|
0-0: Called Strike 0-1: Foul Ball, location: 2F 0-2: SINGLE (Groundball, P, EV 88.8 MPH) (infield hit)
|
Batting: RHB Carlos Martinez
|
0-0: Ball 1-0: Foul Ball, location: 2F 1-1: Foul Ball, location: 2F 1-2: Strikes out swinging
|
Batting: LHB Youp van Erp
|
0-0: Called Strike 0-1: Ball 1-1: Foul Ball, location: 2F 1-2: Foul Ball, location: 2F 1-2: Grounds into double play, 4-6-3 (Groundball, 4D, EV 108.8 MPH)
|
Top of the 2nd over - 0 runs, 1 hit, 0 errors, 0 left on base; Vermont 0 - Tri-City 0 |
BOTTOM OF THE 2ND |
Tri-City ValleyCats batting - Pitching for Vermont Lake Monsters : LHP Darby Jones
|
Batting: LHB Vinny Siebecker
|
0-0: Called Strike 0-1: Ground out 6-3 (Groundball, 6, EV 78.8 MPH)
|
Batting: RHB Mike Koch
|
0-0: Ball 1-0: Ball 2-0: Foul Ball, location: 2F 2-1: Foul Ball, location: 2F 2-2: SINGLE (Popup, 4MD, EV 52.5 MPH)
|
Batting: RHB Ruben Pujols
|
0-0: Fielders Choice at 2nd, 6-4 (Groundball, 6M, EV 101.9 MPH)
|
Batting: LHB Jon Pope
|
0-0: Ground out 4-3 (Groundball, 34, EV 88.1 MPH)
|
Bottom of the 2nd over - 0 runs, 1 hit, 0 errors, 1 left on base; Vermont 0 - Tri-City 0 |
TOP OF THE 3RD |
Vermont Lake Monsters batting - Pitching for Tri-City ValleyCats : RHP Jayson Campbell
|
Batting: RHB Lu Tieh
|
0-0: Called Strike 0-1: Ground out 1-3 (Groundball, 13S, EV 72.5 MPH)
|
Batting: RHB Oscar Avila
|
0-0: Ball 1-0: Ball 2-0: Ball 3-0: Fly out, F8 (Line Drive, 8LD, EV 91.9 MPH)
|
Batting: RHB Ricardo Mariscal
|
0-0: Ball 1-0: Called Strike 1-1: Swinging Strike 1-2: Strikes out looking
|
Top of the 3rd over - 0 runs, 0 hits, 0 errors, 0 left on base; Vermont 0 - Tri-City 0 |
BOTTOM OF THE 3RD |
Tri-City ValleyCats batting - Pitching for Vermont Lake Monsters : LHP Darby Jones
|
Batting: LHB Kyle Moore
|
0-0: Ground out U3 (Groundball, 3D, EV 97.5 MPH)
|
Batting: RHB Jorge Gutierrez
|
0-0: Ball 1-0: Foul Ball, location: 2F 1-1: Ball 2-1: Foul Ball, location: 2F 2-2: Strikes out swinging
|
Batting: RHB Evan Fry
|
0-0: Called Strike 0-1: Ball 1-1: Fly out, F6 (Popup, 6M, EV 72.5 MPH)
|
Bottom of the 3rd over - 0 runs, 0 hits, 0 errors, 0 left on base; Vermont 0 - Tri-City 0 |
TOP OF THE 4TH |
Vermont Lake Monsters batting - Pitching for Tri-City ValleyCats : RHP Jayson Campbell
|
Batting: RHB Luis Restrepo
|
0-0: Called Strike 0-1: Ball 1-1: Foul Ball, location: 2F 1-2: Strikes out swinging
|
Batting: LHB Henry Hutson
|
0-0: Called Strike 0-1: Ball 1-1: SINGLE (Groundball, 4MS, EV 83.1 MPH) (infield hit)
|
Batting: LHB Jose Zamarripa
|
0-0: Ball Passed Ball! Henry Hutson to second 1-0: Called Strike 1-1: Foul Ball, location: 2F 1-2: SINGLE (Groundball, 56D, EV 102.5 MPH) Henry Hutson to third
|
Batting: RHB Casey Nicita
|
0-0: Ball 1-0: Ball 2-0: Ball Wild Pitch! Henry Hutson scores Jose Zamarripa to second 3-0: Base on Balls
|
Batting: RHB Carlos Martinez
|
0-0: Ball 1-0: Foul Ball, location: 2F 1-1: Called Strike 1-2: Strikes out swinging
|
Pitching: RHP Justin Coney
|
|
Batting: LHB Youp van Erp
|
0-0: SINGLE (Groundball, 56D, EV 103.8 MPH) Jose Zamarripa to third Casey Nicita to second Runner from 3rd tries for Home, SAFE, throw by LF to home
|
Batting: RHB Lu Tieh
|
0-0: Called Strike 0-1: Ball 1-1: Ball 2-1: Ground out U3 (Groundball, 34, EV 82.5 MPH)
|
Top of the 4th over - 2 runs, 3 hits, 0 errors, 2 left on base; Vermont 2 - Tri-City 0 |
BOTTOM OF THE 4TH |
Tri-City ValleyCats batting - Pitching for Vermont Lake Monsters : LHP Darby Jones
|
Batting: SHB Paskar Adegoke
|
0-0: Called Strike 0-1: Ground out 4-3 (Groundball, 34, EV 96.2 MPH)
|
Batting: RHB Ramon Castellon
|
0-0: Ball 1-0: Called Strike 1-1: Swinging Strike 1-2: Ball 2-2: Foul Ball, location: 2F 2-2: Ground out 3-1 (Groundball, 34S, EV 86.2 MPH)
|
Batting: LHB Vinny Siebecker
|
0-0: Ball 1-0: Foul Ball, location: 2F 1-1: Foul Ball, location: 2F 1-2: Strikes out swinging
|
Bottom of the 4th over - 0 runs, 0 hits, 0 errors, 0 left on base; Vermont 2 - Tri-City 0 |
TOP OF THE 5TH |
Vermont Lake Monsters batting - Pitching for Tri-City ValleyCats : RHP Justin Coney
|
Batting: RHB Oscar Avila
|
0-0: Called Strike 0-1: Ball 1-1: Fly out, F7 (Flyball, 7S, EV 92.5 MPH)
|
Batting: RHB Ricardo Mariscal
|
0-0: Ball 1-0: Called Strike 1-1: Ball 2-1: Swinging Strike 2-2: Ball 3-2: Foul Ball, location: 2F 3-2: SINGLE (Groundball, 6MD, EV 100.0 MPH)
|
Batting: RHB Luis Restrepo
|
0-0: Ball 1-0: Ball 2-0: Ball 3-0: Base on Balls Ricardo Mariscal to second
|
Pitching: RHP Jon Davis
|
|
Batting: LHB Henry Hutson
|
0-0: 3-RUN HOME RUN (Flyball, 9D, EV 108.8 MPH), Distance : 392 ft
|
Batting: LHB Jose Zamarripa
|
0-0: Ground out 1-3 (Groundball, 13S, EV 66.9 MPH)
|
Batting: RHB Casey Nicita
|
0-0: Ball 1-0: Foul Ball, location: 2F 1-1: Ball 2-1: Ball 3-1: Foul Ball, location: 2F 3-2: Base on Balls
|
Batting: RHB Carlos Martinez
|
0-0: Called Strike 0-1: Ball Casey Nicita steals 2nd base 1-1: SINGLE (Groundball, 56S, EV 63.1 MPH) (infield hit) Casey Nicita to third
|
Batting: LHB Youp van Erp
|
0-0: Foul Ball, location: 2F 0-1: Ball 1-1: 3-RUN HOME RUN (Flyball, 9D, EV 93.1 MPH), Distance : 354 ft
|
Pitching: RHP Adam Behrens
|
|
Batting: RHB Lu Tieh
|
0-0: Ground out 6-3 (Groundball, 6, EV 86.2 MPH)
|
Top of the 5th over - 6 runs, 4 hits, 0 errors, 0 left on base; Vermont 8 - Tri-City 0 |
BOTTOM OF THE 5TH |
Tri-City ValleyCats batting - Pitching for Vermont Lake Monsters : LHP Darby Jones
|
Batting: RHB Mike Koch
|
0-0: Ball 1-0: Swinging Strike 1-1: Swinging Strike 1-2: Strikes out looking
|
Batting: RHB Ruben Pujols
|
0-0: Called Strike 0-1: Called Strike 0-2: Ball 1-2: Ball 2-2: Foul Ball, location: 2F 2-2: Ball 3-2: Foul Ball, location: 2F 3-2: Foul Ball, location: 2F 3-2: Strikes out looking
|
Batting: LHB Jon Pope
|
0-0: Fly out, F5 (Popup, 15, EV 85.6 MPH)
|
Bottom of the 5th over - 0 runs, 0 hits, 0 errors, 0 left on base; Vermont 8 - Tri-City 0 |
TOP OF THE 6TH |
Vermont Lake Monsters batting - Pitching for Tri-City ValleyCats : RHP Adam Behrens
|
Batting: RHB Oscar Avila
|
0-0: Ball 1-0: Ground out 5-3 (Groundball, 56, EV 105.6 MPH)
|
Batting: RHB Ricardo Mariscal
|
0-0: Called Strike 0-1: Ball 1-1: Foul Ball, location: 2F 1-2: Ball 2-2: DOUBLE (Line Drive, 7LS, EV 103.8 MPH)
|
Batting: RHB Luis Restrepo
|
0-0: Called Strike 0-1: Ball 1-1: SINGLE (Line Drive, 78S, EV 88.1 MPH) Ricardo Mariscal to third Runner from 3rd tries for Home, SAFE, throw by LF to home
|
Batting: LHB Henry Hutson
|
0-0: Ball 1-0: Foul Ball, location: 2F 1-1: Fly out, F8 (Line Drive, 8LD, EV 106.2 MPH)
|
Batting: LHB Jose Zamarripa
|
0-0: Called Strike 0-1: SINGLE (Line Drive, 3D, EV 103.8 MPH) Luis Restrepo to second
|
Batting: RHB Casey Nicita
|
0-0: SINGLE (Flyball, 89S, EV 98.1 MPH) Luis Restrepo to third Jose Zamarripa to second Runner from 3rd tries for Home, SAFE, throw by RF to home
|
Batting: RHB Carlos Martinez
|
0-0: Swinging Strike 0-1: Ball 1-1: Swinging Strike 1-2: SINGLE (Line Drive, 9S, EV 98.1 MPH) Jose Zamarripa to third Casey Nicita to second Runner from 3rd tries for Home, SAFE, throw by RF to home
|
Pitching: RHP Rob Baker
|
|
Batting: LHB Youp van Erp
|
0-0: Ball 1-0: Called Strike 1-1: Foul Ball, location: 2F Balk! Casey Nicita to third Carlos Martinez to second 1-2: Strikes out swinging
|
Top of the 6th over - 3 runs, 5 hits, 0 errors, 2 left on base; Vermont 11 - Tri-City 0 |
BOTTOM OF THE 6TH |
Tri-City ValleyCats batting - Pitching for Vermont Lake Monsters : LHP Darby Jones
|
Pitching: RHP Terry Evans
|
|
Batting: LHB Kyle Moore
|
0-0: Ground out 3-1 (Groundball, 34S, EV 83.8 MPH)
|
Batting: RHB Jorge Gutierrez
|
0-0: Called Strike 0-1: Foul Ball, location: 2F 0-2: Ball 1-2: Strikes out looking
|
Batting: RHB Evan Fry
|
0-0: Foul Ball, location: 2F 0-1: Called Strike 0-2: Strikes out looking
|
Bottom of the 6th over - 0 runs, 0 hits, 0 errors, 0 left on base; Vermont 11 - Tri-City 0 |
TOP OF THE 7TH |
Vermont Lake Monsters batting - Pitching for Tri-City ValleyCats : RHP Rob Baker
|
Batting: RHB Lu Tieh
|
0-0: Called Strike 0-1: Ball 1-1: Fly out, F9 (Flyball, 9S, EV 81.9 MPH)
|
Batting: RHB Oscar Avila
|
0-0: Foul Ball, location: 2F 0-1: Ball 1-1: Fly out, F8 (Flyball, 8LM, EV 86.2 MPH)
|
Pinch Hitting: LHB Oscar Rodriguez
|
0-0: Called Strike 0-1: Ball 1-1: Foul Ball, location: 2F 1-2: Ball 2-2: Foul Ball, location: 2F 2-2: Hit by Pitch
|
Batting: RHB Luis Restrepo
|
0-0: Ball 1-0: Fielders Choice at 2nd, 6-4 (Groundball, 6, EV 85.0 MPH)
|
Top of the 7th over - 0 runs, 0 hits, 0 errors, 1 left on base; Vermont 11 - Tri-City 0 |
BOTTOM OF THE 7TH |
Tri-City ValleyCats batting - Pitching for Vermont Lake Monsters : RHP Terry Evans
|
Now in RF: Oscar Rodriguez
|
|
Batting: SHB Paskar Adegoke
|
0-0: Foul Ball, location: 2F 0-1: Fly out, F8 (Flyball, 8RD, EV 95.0 MPH)
|
Batting: RHB Ramon Castellon
|
0-0: Ground out 6-3 (Groundball, 6, EV 75.6 MPH)
|
Batting: LHB Vinny Siebecker
|
0-0: Ball 1-0: DOUBLE (Line Drive, 89M, EV 87.5 MPH)
|
Batting: RHB Mike Koch
|
0-0: Ball 1-0: Called Strike 1-1: Ball 2-1: Ground out 5-3 (Groundball, 56, EV 83.1 MPH)
|
Bottom of the 7th over - 0 runs, 1 hit, 0 errors, 1 left on base; Vermont 11 - Tri-City 0 |
TOP OF THE 8TH |
Vermont Lake Monsters batting - Pitching for Tri-City ValleyCats : RHP Rob Baker
|
Batting: LHB Henry Hutson
|
0-0: Called Strike 0-1: Ball 1-1: Swinging Strike 1-2: Strikes out swinging
|
Batting: RHB Sergio Torres
|
0-0: Reached on error, E5 (Groundball, 56, EV 80.6 MPH)
|
Batting: RHB Casey Nicita
|
0-0: Ball 1-0: SINGLE (Line Drive, 8LS, EV 93.1 MPH) Sergio Torres to third
|
Batting: RHB Carlos Martinez
|
0-0: Ball 1-0: Called Strike 1-1: Foul Ball, location: 2F 1-2: Hit by Pitch Casey Nicita to second
|
Batting: LHB Youp van Erp
|
0-0: Called Strike 0-1: Ball 1-1: Ball 2-1: Ball 3-1: Grounds into double play, 4-6-3 (Groundball, 4, EV 104.4 MPH)
|
Top of the 8th over - 0 runs, 1 hit, 1 error, 2 left on base; Vermont 11 - Tri-City 0 |
BOTTOM OF THE 8TH |
Tri-City ValleyCats batting - Pitching for Vermont Lake Monsters : RHP Terry Evans
|
Batting: RHB Ruben Pujols
|
0-0: Called Strike 0-1: Swinging Strike 0-2: Strikes out swinging
|
Batting: LHB Jon Pope
|
0-0: Called Strike 0-1: Ball 1-1: Ball 2-1: DOUBLE (Groundball, 3L, EV 103.1 MPH)
|
Batting: LHB Kyle Moore
|
0-0: Ball 1-0: Ground out 5-3 (Groundball, 5L, EV 87.5 MPH)
|
Batting: RHB Jorge Gutierrez
|
0-0: Ball 1-0: Foul Ball, location: 2F 1-1: Ball 2-1: Ball 3-1: Base on Balls
|
Batting: RHB Evan Fry
|
0-0: Ball 1-0: Called Strike 1-1: Ground out 3-1 (Groundball, 34S, EV 80.0 MPH)
|
Bottom of the 8th over - 0 runs, 1 hit, 0 errors, 2 left on base; Vermont 11 - Tri-City 0 |
TOP OF THE 9TH |
Vermont Lake Monsters batting - Pitching for Tri-City ValleyCats : RHP Rob Baker
|
Batting: RHB Lu Tieh
|
0-0: Ball 1-0: Ground out 5-3 (Groundball, 5L, EV 79.4 MPH)
|
Pitching: RHP Mike Wirick
|
|
Pinch Hitting: RHB Liangde Tseng
|
0-0: Called Strike 0-1: Swinging Strike 0-2: Strikes out swinging
|
Batting: LHB Oscar Rodriguez
|
0-0: Ball 1-0: Called Strike 1-1: Foul Ball, location: 2F 1-2: Strikes out swinging
|
Top of the 9th over - 0 runs, 0 hits, 0 errors, 0 left on base; Vermont 11 - Tri-City 0 |
BOTTOM OF THE 9TH |
Tri-City ValleyCats batting - Pitching for Vermont Lake Monsters : RHP Terry Evans
|
Now at C: Liangde Tseng
|
|
Batting: SHB Paskar Adegoke
|
0-0: Ball 1-0: Ball 2-0: Called Strike 2-1: Ground out 4-3 (Groundball, 4, EV 105.0 MPH)
|
Batting: RHB Ramon Castellon
|
0-0: Ball 1-0: Swinging Strike 1-1: Ball 2-1: Ground out 1-5-3 (Groundball, 15S, EV 106.9 MPH)
|
Batting: LHB Vinny Siebecker
|
0-0: Swinging Strike 0-1: Fly out, F7 (Flyball, 7S, EV 93.8 MPH)
|
Bottom of the 9th over - 0 runs, 0 hits, 0 errors, 0 left on base; Vermont 11 - Tri-City 0 |
|